 Dungeon Crawl Stone Soup version 0.27-a0-345-g7370b58738 (webtiles) character file.

Game seed: 2994490119247370067

2264 Gaff the Geomancer (level 9, -4/49 HPs)
             Began as a Gargoyle Earth Elementalist on Feb 15, 2021.
             Was a Priest of Nemelex Xobeh.
             Splashed by a gnoll's acid (11 damage)
             ... on level 7 of the Dungeon.
             The game lasted 01:31:00 (7196 turns).

Gaff the Geomancer (Gargoyle Earth Elementalist)    Turns: 7196, Time: 01:31:01

Health: -4/49      AC:  9    Str: 11    XL:     9   Next: 38%
Magic:  8/18       EV: 27    Int: 20    God:    Nemelex Xobeh [***...]
Gold:   448        SH:  5    Dex: 10    Spells: 5/20 levels left

rFire    . . .     SeeInvis .   Q - +3 flail (vorpal)
rCold    . . .     Faith    .   J - +2 buckler
rNeg     + . .     Spirit   .   E - +0 robe
rPois    ∞         Reflect  .   (no helmet)
rElec    +         Harm     .   O - +0 cloak
rCorr    .         Rampage  .   (no gloves)
Will     .....                  (no boots)
Stlth    +++.......             w - amulet of the acrobat
HPRegen  0.16/turn              v - +4 ring of protection
MPRegen  0.16/turn              (no ring)

@: corroded, acrobat, studying Throwing
A: negative energy resistance 1, electricity resistance, unbreathing,
petrification resistance, miasma immunity, AC +6
a: Renounce Religion, Draw Escape, Draw Destruction, Draw Summoning, Triple Draw


You were on level 7 of the Dungeon.
You worshipped Nemelex Xobeh.
Nemelex Xobeh was most pleased with you.
You visited 2 branches of the dungeon, and saw 9 of its levels.
You also visited: Ossuary.

You collected 459 gold pieces.
You spent 11 gold pieces at shops.

Inventory:

Hand Weapons
 e - a +0 dagger
 j - a +0 hunting sling
 p - a +1 whip of electrocution
 u - a +0 long sword of freezing
 z - a +1 mace of protection
 M - a +1 dagger of holy wrath
 N - a +1 vampiric whip
 P - a +2 trident of flaming
 Q - a +3 vorpal flail (weapon)
Missiles
 d - 47 sling bullets
 h - 54 bolts
 s - 17 poisoned darts
 D - 25 stones
 R - 8 curare-tipped darts
 S - 3 throwing nets
Armour
 E - a +0 robe (worn)
 I - a +0 helmet
 J - a +2 buckler (worn)
 K - the -6 tower shield of Proximity {Will++}
   (You took it off an orc wizard on level 6 of the Dungeon)

   It affects your willpower, your defense against some magical effects.
 O - a +0 cloak (worn)
Jewellery
 v - a +4 ring of protection (left hand)
 w - an amulet of the acrobat (around neck)
Wands
 q - a wand of iceblast (12)
Scrolls
 g - a scroll of enchant weapon {unknown}
 i - 4 scrolls of amnesia {unknown}
 k - 12 scrolls of identify {unknown}
 m - 9 scrolls of teleportation {unknown}
 n - 4 scrolls of enchant armour {unknown}
 r - a scroll of random uselessness {unknown}
 t - a scroll of fear {unknown}
 y - a scroll of fog {unknown}
 F - 2 scrolls of magic mapping {unknown}
 G - 2 scrolls of blinking {unknown}
 H - a scroll of vulnerability {unknown}
 L - a scroll of acquirement {unknown}
Potions
 a - a potion of magic {unknown}
 b - a potion of resistance {unknown}
 c - a potion of heal wounds {unknown}
 f - 3 potions of ambrosia
 l - 2 potions of haste
 o - a potion of attraction {unknown}
 x - 3 potions of curing {unknown}
 A - a potion of flight {unknown}
 B - 4 potions of degeneration
 C - 2 potions of invisibility {unknown}


   Skills:
 + Level 2.6 Fighting
 - Level 2.9 Maces & Flails
 - Level 3.0 Dodging
 - Level 5.0 Stealth
 + Level 1.5 Shields
 + Level 6.3 Spellcasting
 + Level 2.3 Conjurations
 + Level 1.4 Transmutations
 + Level 9.2 Earth Magic


You had 5 spell levels left.
You knew the following spells:

 Your Spells              Type           Power        Failure   Level
a - Sandblast             Erth           86%          1%          1
b - Stone Arrow           Conj/Erth      58%          3%          3
c - Passwall              Tmut/Erth      22%          2%          2
d - Petrify               Tmut/Erth      27%          16%         4
e - Lee's Rapid Deconstr  Erth           21%          9%          5

Your spell library contained the following spells:

 Spells                   Type           Power        Failure   Level
 Corona                   Hex            6%           14%         1
 Slow                     Hex            6%           21%         2
 Leda's Liquefaction      Hex/Erth       12%          21%         4
 Inner Flame              Hex/Fire       6%           38%         3
 Portal Projectile        Hex/Tloc       12%          38%         3
 Cause Fear               Hex            3%           80%         4


Dungeon Overview and Level Annotations

Branches:
Dungeon (8/15)             Temple (1/1) D:4         Ossuary (visited)
   Lair: D:8-11

Altars:
Cheibriados
Dithmenos
Elyvilon
Fedhas
Gozag
Kikubaaqudgha
Makhleb
Nemelex Xobeh
Okawaru
Qazlal
Ru
Uskayaw
Vehumet
Xom
Yredelemnul
Zin
The Shining One

Shops:
D:5 !


Innate Abilities, Weirdness & Mutations

You are resistant to torment.
Your stone body is resilient. (AC +6)
You are immune to poison.
You resist negative energy. (rN+)
You are resistant to electric shocks. (rElec)
You can survive without breathing.
You are immune to petrification.
You are immune to miasma.


Message History

The gnoll shaman hits you with a +0 club.
The gnoll shaman closely misses you.
You sock the gnoll shaman!
You kill the gnoll shaman!
A hound comes into view.
Things that are here:
a +0 club; a +0 robe You now have 448 gold pieces (gained 10).
D - 25 stones (gained 10)
Things that are here:
a +0 club; a +0 robe A gnoll comes into view.
It is carrying a wand of acid (8).
A gnoll comes into view.
A gnoll comes into view. It is wielding a +0 whip.
The gnoll shouts!
You hear a bark! x2
A gnoll comes into view. It is wielding a +0 spear.
The gnoll throws a throwing net.
The throwing net closely misses you.
The gnoll shouts!
You hear a shout! x2; You hear a croak.
A jackal comes into view.
The gnoll throws a throwing net.
The throwing net barely misses you.
The gnoll shouts!
You see here 2 throwing nets.
S - 2 throwing nets The gnoll throws a throwing net.
The throwing net closely misses you.
There is a large open door here.
You see here a throwing net.
S - 3 throwing nets (gained 1)
The gnoll barely misses you.
The gnoll zaps a wand.
The bolt of acid hits the gnoll!!
The gnoll is splashed with acid.
The gnoll dies!
The bolt of acid misses you.
You closely miss the gnoll. The gnoll hits you.
A bullfrog comes into view.
The gnoll zaps a wand.
The bolt of acid hits you!
You are splashed with acid!
You barely miss the gnoll. The gnoll hits you but does no damage.
The gnoll zaps a wand.
The bolt of acid hits you!!
* * * LOW HITPOINT WARNING * * *
The acid corrodes you!
You are splashed with acid!
You die...
Your body disappears without a glow.

....#).#######...(...........
...g#....##..................
Z.g....#.#..≈≈≈≈≈≈≈≈≈†..≈≈...
.....##...≈≈....(.()....≈≈..
.........≈......##......≈..
...#......≈...).####....^≈≈.
h...#......≈....##..##.....≈≈
....#.#...≈≈....##..##......≈
##....≈≈.....@#''#.......≈
####.....≈...##.g......##...≈
.........≈..####..)...####..
.........≈.##..'......'..#
.........≈.##..'....g.'..#
.........≈..####F.....####
####.#...≈... #........#
##....≈≈≈.....#''#....
......≈≈...##..##..h.


You could see a bullfrog (wandering) and 2 gnolls.

Vanquished Creatures
  Grinder (D:3)
  A sky beast (D:6)
  4 ogres
  A centaur (D:5)
  A bullfrog (D:6)
  2 gnoll sergeants (D:7)
  2 howler monkeys
  An electric eel (D:7)
  7 hounds
  2 centaur zombies (Ossuary)
  A bullfrog skeleton (D:5)
  2 gnoll shamans
  An iguana (D:4)
  Natasha (twice) (D:3)
  3 orc wizards
  4 worker ants
  3 ogre zombies (Ossuary)
  A hound zombie (D:6)
  7 mummies (Ossuary)
  11 adders
  20 gnolls
  2 shadow imps
  3 white imps
  5 adder zombies (Ossuary)
  2 adder skeletons
  3 worms
  A dart slug (D:1)
  7 leopard geckos
  12 orcs
  11 bats
  3 giant cockroaches
  9 hobgoblins
  7 jackals
  A quokka (D:7)
  A ball python (D:3)
  6 frilled lizards
  A gnoll zombie (Ossuary)
  8 goblins
  A goblin zombie (Ossuary)
  3 hobgoblin zombies (Ossuary)
  A jackal skeleton (D:4)
  13 kobolds
  2 kobold zombies (Ossuary)
  An orc zombie (Ossuary)
  3 quokka zombies (Ossuary)
  9 rats
  3 rat zombies (Ossuary)
195 creatures vanquished.

Vanquished Creatures (others)
  A gnoll (D:7)
1 creature vanquished.

Grand Total: 196 creatures vanquished

Notes
Turn   | Place    | Note
-------+----------+-------------------------------------------
     0 | D:1      | Gaff the Gargoyle Earth Elementalist began the quest for
                  | the Orb.
     0 | D:1      | Reached XP level 1. HP: 10/10 MP: 3/3
   170 | D:1      | Reached skill level 4 in Earth Magic
   171 | D:1      | Reached XP level 2. HP: 13/15 MP: 1/5
   931 | D:2      | Reached XP level 3. HP: 15/19 MP: 6/6
   948 | D:2      | Learned a level 3 spell: Stone Arrow
  1012 | D:2      | Found a sparkling altar of Nemelex Xobeh.
  1016 | D:2      | Became a worshipper of Nemelex Xobeh the Trickster
  1224 | D:2      | Reached XP level 4. HP: 22/24 MP: 0/7
  1279 | D:2      | Reached skill level 5 in Earth Magic
  1545 | D:2      | Learned a level 2 spell: Passwall
  2154 | D:3      | Reached XP level 5. HP: 28/28 MP: 7/9
  2328 | D:3      | Noticed Natasha
  2329 | D:3      | Noticed Grinder
  2451 | D:4      | Reached * piety under Nemelex Xobeh
  2454 | D:4      | Reached skill level 1 in Transmutations
  2457 | D:4      | Noticed an ogre
  2528 | D:4      | Killed an ogre
  2529 | D:4      | Reached XP level 6. HP: 32/32 MP: 5/11
  2656 | D:4      | Reached skill level 1 in Maces & Flails
  2656 | D:4      | Reached skill level 6 in Earth Magic
  2672 | D:4      | Learned a level 4 spell: Petrify
  2789 | D:4      | Found a staircase to the Ecumenical Temple.
  2812 | Temple   | Entered the Ecumenical Temple
  3158 | D:4      | Received a gift from Nemelex Xobeh
  3299 | D:4      | Reached XP level 7. HP: 36/36 MP: 8/13
  3546 | D:3      | Killed Natasha
  3548 | D:3      | Killed Grinder
  3549 | D:3      | Reached skill level 7 in Earth Magic
  3662 | D:3      | Noticed Natasha
  3667 | D:3      | Killed Natasha
  3806 | D:3      | Learned a level 5 spell: Lee's Rapid Deconstruction
  4222 | D:5      | Entered Level 5 of the Dungeon
  4248 | D:5      | Found Wonowiy's Distillery.
  4257 | D:5      | Bought a potion of degeneration for 11 gold pieces
  4334 | D:5      | Reached ** piety under Nemelex Xobeh
  4540 | D:5      | Reached skill level 5 in Spellcasting
  4540 | D:5      | Reached XP level 8. HP: 39/41 MP: 8/15
  4616 | D:6      | Reached skill level 8 in Earth Magic
  4742 | D:6      | Reached skill level 1 in Fighting
  4795 | D:6      | Reached skill level 1 in Conjurations
  4829 | D:6      | Identified the -6 tower shield of Proximity {Will++}
  4831 | D:6      | Found a sand-covered staircase.
  4858 | Ossuary  | Entered an ossuary
  5582 | D:6      | d
  5928 | D:5      | Received a gift from Nemelex Xobeh
  6220 | D:7      | Found a sacrificial altar of Ru.
  6249 | D:7      | Reached XP level 9. HP: 48/48 MP: 7/17
  6312 | D:7      | Reached skill level 5 in Stealth
  6334 | D:7      | Reached *** piety under Nemelex Xobeh
  6396 | D:7      | Reached skill level 9 in Earth Magic
  6846 | D:7      | Reached skill level 1 in Shields
  7196 | D:7      | Splashed by a gnoll's acid

Illustrated notes

#...........# #..........))..
#...........##..#.....h.S......
#..........###..#..###h########
#..........# #....# #.S.>.##
#####.#..#####.#..########..###
#....#####........## #.....>
#................... #......
#................... #......
#..........@[....... #......
############∩####### #######
#)# ###.### ##.....## #8.....8#
##.....## #######


Turn 5582 on D:6: d

Levels and vault maps discovered:
D:1:      dpeg_arrival_pits, layout_loops_corners, grunt_decor_arrowhead
D:2:      layout_loops_cross, nemelex_lonely_heart_becter
D:3:      minmay_chambers_of_twos, layout_loops_cross, uniq_grinder,
          uniq_natasha
D:4:      layout_loops_ring, temple_hall, small_statue_alley_b
D:5:      layout_rooms, serial_shops, shop_fountains,
          minmay_manual_mandibuliform
D:6:      layout_rooms, chequers_ossuary_entry_cave
D:7:      layout_cave_pools, old_standard_altar, serial_gnoll_camp,
          gnoll_camp_mini_hut, gnoll_camp_medium_01, gnoll_camp_medium_02,
          gnoll_camp_huts_moat, gnoll_camp_mini_doghouse,
          gnoll_camp_mini_loothouse, uniq_prince_ribbit1
D:8:      layout_basic, uniq_harold
Temple:   regret_index_temple_generic_petals

Skill      XL: |  1  2  3  4  5  6  7  8  9 |
---------------+----------------------------+-----
Earth Magic    | 4 5 6 7 8 9 |  9.2
Dodging        | 2 3 |  3.0
Spellcasting   | 3 4 5 6 |  6.3
Stealth        | 3 4 5 |  5.0
Transmutations | 1 |  1.4
Maces & Flails | 1 2 |  2.9
Fighting       | 1 2 |  2.6
Conjurations   | 1 2 |  2.3
Shields        | 1 |  1.5

Action                   |  1- 3 |  4- 6 |  7- 9 || total
-------------------------+-------+-------+-------++-------
Melee: Spear             |    12 |       |       ||    12
       Whip              |    16 |    69 |   260 ||   345
       Flail             |       |       |     4 ||     4
Throw: Dart              |       |       |     1 ||     1
 Cast: Sandblast         |    44 |    41 |    24 ||   109
       Passwall          |       |    11 |     1 ||    12
       Stone Arrow       |       |     4 |    62 ||    66
       Lee's Rapid Decon |       |       |     5 ||     5
Invok: Draw Destruction  |       |       |     1 ||     1
  Use: Potion            |       |       |     2 ||     2
 Stab: Sleeping          |     1 |     1 |    11 ||    13
Armor: Robe              |    17 |    19 |    81 ||   117
       Leather armour    |       |     3 |    25 ||    28
Dodge: Dodged            |    28 |    49 |   183 ||   260
Block: Buckler           |       |       |    33 ||    33

Table legend: (Time is in decaauts)
 A = Elapsed time spent in this place.
 B = Non-inter-level travel time spent in this place.
 C = Inter-level travel time spent in this place.
 D = Time resting spent in this place.
 E = Time spent auto-exploring this place.
 F = Levels seen in this place.
 G = Mean time per level.
                   A        B        C        D        E       F      G
               +--------+--------+--------+--------+--------+-----+--------+
         Total |   7208 |   7208 |      0 |    957 |    679 |  10 |  720.8 |
       Dungeon |   6266 |   6266 |      0 |    677 |    679 |   8 |  783.2 |
        Temple |    231 |    231 |      0 |      0 |      0 |   1 |  231.0 |
       Ossuary |    709 |    709 |      0 |    280 |      0 |   1 |  709.0 |
               +--------+--------+--------+--------+--------+-----+--------+

Top non-repeatable levels by time:
     D:3: 1289 daAuts
     D:4: 994 daAuts
     D:1: 921 daAuts
     D:2: 807 daAuts
 Ossuary: 709 daAuts
     D:6: 643 daAuts
     D:5: 633 daAuts
     D:8: 559 daAuts
     D:7: 418 daAuts
  Temple: 231 daAuts
